 Dungeon Crawl Stone Soup version 0.27.1-1-g398f81649c (webtiles) character file.

Game seed: 15078832760480761435

92 pokedragonboy the Shield-Bearer (level 4, -1/37 HPs)
             Began as a Formicid Fighter on Sept 11, 2021.
             Succumbed to Robin's poison
             ... on level 3 of the Dungeon.
             The game lasted 00:02:44 (2051 turns).

pokedragonboy the Shield-Bearer (Formicid Fighter)  Turns: 2051, Time: 00:02:45

Health: -1/37      AC:  7    Str: 20    XL:     4   Next: 90%
Magic:  4/4        EV:  8    Int:  9    God:
Gold:   51         SH:  9    Dex: 10    Spells: 3/3 levels left

rFire    . . .     SeeInvis +   a - +0 war axe
rCold    . . .     Faith    .   c - +0 kite shield
rNeg     . . .     Spirit   .   b - +0 scale mail
rPois    .         Reflect  .   (helmet unavailable)
rElec    .         Harm     .   (no cloak)
rCorr    .         Rampage  .   (no gloves)
Will     .....                  (no boots)
Stlth    ..........             (no amulet)
HPRegen  0.12/turn              (no ring)
MPRegen  0.09/turn              (no ring)

@: mighty, lethally poisoned (-1 -> -5)
A: permanent stasis, dig shafts and tunnels, antennae 3, four strong arms
a: Dig, Shaft Self


You were on level 3 of the Dungeon.
You visited 1 branch of the dungeon, and saw 3 of its levels.

You collected 51 gold pieces.

Inventory:

Hand Weapons
 a - a +0 war axe (weapon)
 f - a +2 vampiric short sword
 g - a +0 flail
Armour
 b - a +0 scale mail (worn)
 c - a +0 kite shield (worn)
Wands
 k - a wand of paralysis (7)
Scrolls
 h - a scroll of immolation {unknown}
 i - 2 scrolls of amnesia {unknown}
 j - a scroll of enchant weapon {unknown}
 l - 3 scrolls of teleportation {unknown}


   Skills:
 + Level 3.9 Fighting
 * Level 3.2 Axes
 + Level 3.9 Armour
 + Level 4.3 Shields


You had 3 spell levels left.
You didn't know any spells.
Your spell library was empty.

Dungeon Overview and Level Annotations

Branches:
Dungeon (3/15)

Altars:

Annotations:
D:3 Robin


Innate Abilities, Weirdness & Mutations

You cannot be hasted, slowed, berserked, paralysed or teleported.
You can dig through walls and to a lower floor.
You have a pair of large antennae on your head. (SInv)
Your four strong arms can wield two-handed weapons with a shield.


Message History

Robin hits you from afar with a +2 spear of venom.
The hobgoblin completely misses you.
You feel sick.
Items here: ( )))) †††.
You slash the hobgoblin!
You kill the hobgoblin!
You feel sick. Robin throws the goblin at you!
You closely miss the goblin.
You feel sick.
You are no longer poisoned.
You block the goblin's attack. You block Robin's attack.
The goblin hits you but does no damage.
You hit the goblin.
You kill the goblin!
You block Robin's attack.
An orc comes into view. It is wielding a +0 mace.
Robin hits you from afar with a +2 spear of venom.
* * * LOW HITPOINT WARNING * * *
You are lethally poisoned!
* * * LOW HITPOINT WARNING * * *
You feel very sick.
There is a stone staircase leading up here.
You see here a +0 club.
Unknown command.
You feel very mighty all of a sudden.
* * * LOW HITPOINT WARNING * * *
You feel sick. Robin hits you but does no damage.
You are too injured to fight recklessly!
You are too injured to fight recklessly! 2 orcs come into view.
* * * LOW HITPOINT WARNING * * *
You feel sick.
The orc shouts!
An orc comes into view. It is wielding a +0 falchion.
You block Robin's attack.
Items here: ( )))) †††.
Unknown command.
The orc shouts!
You slash Robin!
Robin is heavily wounded.
You die...

#.# #..# #.# #..#
#.# #..# #.# #
##... #.# {
#g###.{.## #.#
......o..## #.###
#.#...o...#####...#
......o...og@<....#
###.......#####...#
#.......... #####
#.#..>###.## { {{ #
##### ... { ...
####


You could see Robin and 4 orcs.

Vanquished Creatures
  A centaur skeleton (D:2)
  A howler monkey skeleton (D:2)
  A worm (D:2)
  An orc (D:3)
  3 endoplasms
  A giant cockroach (D:1)
  12 goblins
  5 hobgoblins
  4 jackals (D:1)
  4 kobolds
  3 quokkas (D:1)
  3 ball pythons (D:2)
  A bat (D:1)
  2 frilled lizards (D:1)
  A rat (D:1)
43 creatures vanquished.

Notes
Turn   | Place    | Note
-------+----------+-------------------------------------------
     0 | D:1      | pokedragonboy the Formicid Fighter began the quest for the
                  | Orb.
     0 | D:1      | Reached XP level 1. HP: 18/18 MP: 1/1
   308 | D:1      | Reached XP level 2. HP: 21/24 MP: 2/2
   674 | D:1      | Reached XP level 3. HP: 27/29 MP: 3/3
   881 | D:1      | Found a faded altar of an unknown god.
  1125 | D:2      | Reached skill level 4 in Shields
  1125 | D:2      | Reached XP level 4. HP: 18/37 MP: 4/4
  2022 | D:3      | Noticed Robin
  2050 | D:3      | HP: 1/37 [poisoned by Robin]
  2051 | D:3      | Succumbed to Robin's poison

Illustrated notes

Levels and vault maps discovered:
D:1:      dpeg_arrival_rooms_a, layout_basic,
          dreamdust_ecumenical_altar_angels_and_demons
D:2:      layout_basic, serial_glass, glass_columns_a, glass_columns_b,
          glass_columns_b, glass_columns_a, glass_columns_a, glass_columns_b,
          corexii_hall_statues_x, hex_medium
D:3:      cheibrodos_thug_alley, layout_loops_ring, uniq_robin, uniq_natasha

Skill      XL: |  1  2  3 |
---------------+----------+-----
Axes           | 3 |  3.2
Shields        | 4 |  4.3
Fighting       | |  3.9
Armour         | |  3.9

Action                   |  1- 3 |  4- 6 || total
-------------------------+-------+-------++-------
Melee: War axe           |    74 |    60 ||   134
  Use: Potion            |       |     3 ||     3
Armor: Scale mail        |    41 |    32 ||    73
Dodge: Dodged            |    30 |    17 ||    47
Block: Kite shield       |    39 |    35 ||    74
